 Dungeon Crawl Stone Soup version 0.31-a0-150-g89dc3ad700 (webtiles) character file.

Game seed: 8305968519168067004

28 qw the Shooter (level 2, -1/26 HPs)
             Began as a Minotaur Hunter on June 8, 2023.
             Slain by a goblin
             ... wielding a +0 dagger
             ... led by Robin
              (2 damage)
             ... on level 2 of the Dungeon.
             The game lasted 00:00:13 (595 turns).

qw the Shooter (Minotaur Hunter)                     Turns: 595, Time: 00:00:14

Health: -1/26      AC:  3    Str: 15    XL:     2   Next: 96%
Magic:  1/1        EV: 12    Int:  6    God:
Gold:   63         SH:  0    Dex: 13    Spells: 1/1 levels left

rFire   . . .        a - +0 shortbow
rCold   . . .        (shield currently unavailable)
rNeg    . . .        c - +0 leather armour
rPois   .            (helmet restricted)
rElec   .            (no cloak)
rCorr   .            (no gloves)
SInv    .            (no boots)
Will    .....        (no amulet)
Stlth   +            (no ring)
HPRegen 0.24/turn    (no ring)
MPRegen 0.07/turn

%: no passive effects
@: no status effects
A: horns 2, retaliatory headbutt
a: no special abilities


You were on level 2 of the Dungeon.
You visited 1 branch of the dungeon, and saw 2 of its levels.

You collected 63 gold pieces.


Innate Abilities, Weirdness & Mutations

You have a pair of horns on your head.
You reflexively headbutt those who attack you in melee.


   Skills:
 - Level 3.0 Fighting
 + Level 5.2 Ranged Weapons
 - Level 2.1 Dodging
 - Level 0.7 Stealth


You had one spell level left.
You didn't know any spells.
Your spell library was empty.

Inventory:

Hand Weapons
 a - a +0 shortbow (weapon)
Armour
 c - a +0 leather armour (worn)
 d - a +1 leather armour of cold resistance
Jewellery
 k - a ring of flight
Scrolls
 b - a scroll of butterflies
 f - 2 scrolls of teleportation {unknown}
 g - 2 scrolls of vulnerability {unknown}
Potions
 e - a potion of enlightenment {unknown}
 h - a potion of attraction {unknown}
 i - a potion of haste {unknown}
 j - a potion of curing {unknown}

Dungeon Overview and Level Annotations

Branches:
Dungeon (1/15)

Altars:

Annotations:
D:2 Robin


Message History

You hear a shout!
You shoot an arrow.
The arrow completely misses the hobgoblin.
The arrow barely misses the goblin.
The arrow hits Robin but does no damage.
Robin roars a battlecry!
The goblin barely misses you.
The hobgoblin hits you but does no damage.
The goblin barely misses you. You furiously retaliate!
You headbutt the goblin!
You kill the goblin!
The goblin hits you with a +1 dagger of holy wrath.
A goblin comes into view. It is wielding a +0 dagger.
You shoot an arrow. The arrow hits the hobgoblin.
You kill the hobgoblin!
The goblin hits you with a +1 dagger of holy wrath.
You shoot an arrow. The arrow barely misses the goblin.
A hobgoblin comes into view.
An endoplasm comes into view.
The goblin hits you with a +1 dagger of holy wrath.
You shoot an arrow. The arrow closely misses the goblin.
The hobgoblin shouts!
The endoplasm quivers.
The goblin hits you but does no damage.
You shoot an arrow. The arrow hits Robin.
Robin is lightly wounded.
Robin hits you with a +0 club. The goblin closely misses you.
You shoot an arrow.
The arrow hits Robin but does no damage.
Robin is lightly wounded.
Robin throws the goblin at you!
The goblin hits you with a +1 dagger of holy wrath.
Robin says, "We wiped out the hill dwarves - you're next!"
Robin throws the goblin at you! The goblin hits you with a +0 dagger.
The goblin hits you with a +1 dagger of holy wrath.
You shoot an arrow. The arrow closely misses Robin.
The arrow completely misses the hobgoblin.
The arrow hits the endoplasm!
You kill the endoplasm!
The goblin barely misses you. Robin hits you with a +0 club.
The goblin hits you with a +0 dagger.
You die...

#+# ####### #.# .
#.....# #.# ..
#.....#####.####.#
#...........)....##.
#.#........g@gg)).))
#.#####.###g#######.
#.# #.# #.#
#.#####.###.#######
#..................
#######.###.#######
#............
#.######.##.# #.# #


You could see Robin, a hobgoblin (strong) and 2 goblins.

Vanquished Creatures
  2 ball pythons (D:1)
  2 bats (D:1)
  3 endoplasms
  10 goblins
  A hobgoblin (D:2)
  2 jackals (D:1)
  2 kobolds (D:1)
  A quokka (D:2)
  2 rats (D:1)
25 creatures vanquished.

Notes
Turn   | Place    | Note
-------+----------+-------------------------------------------
     0 | D:1      | qw the Minotaur Hunter began the quest for the Orb.
     0 | D:1      | Reached XP level 1. HP: 18/18 MP: 0/0
     0 | D:1      | 0 ||| qw: Version: 0.2-a-119-g0488c42
     0 | D:1      | 0 ||| qw: Game counter: 2727
     0 | D:1      | 0 ||| qw: Always use a shield: true
     0 | D:1      | 0 ||| qw: God list: Okawaru
     0 | D:1      | 0 ||| qw: Allow faded altars: false
     0 | D:1      | 0 ||| qw: Do Orc after D:15 true
     0 | D:1      | 0 ||| qw: Do second Lair branch before Depths: true
     0 | D:1      | 0 ||| qw: Lair rune preference: random
     0 | D:1      | 0 ||| qw: Plans: Normal
     0 | D:1      | 0 ||| PLANNING D:1-11
   183 | D:1      | Reached XP level 2. HP: 25/25 MP: 1/1
   275 | D:1      | Reached skill level 5 in Ranged Weapons
   543 | D:1      | You fall into a shaft and drop 1 floor!
   576 | D:2      | Reached skill level 3 in Fighting
   584 | D:2      | Noticed Robin
   594 | D:2      | HP: 2/26 [goblin/+1 dagger of holy wrath[Robin] (6)]
   595 | D:2      | Slain by a goblin

Levels and vault maps discovered:
D:1:      onia_arrival_mini_maze_b, layout_basic, nrook_mini_backslash
D:2:      layout_basic, basic_ecumenical_altar, uniq_robin,
          uniq_crazy_yiuf_cottage

Skill      XL: |  1  2 |
---------------+-------+-----
Ranged Weapons | 5 |  5.2
Fighting       | 3 |  3.0
Dodging        | |  2.1
Stealth        | |  0.7

Action                     || total
---------------------------++-------
   Fire: Shortbow          ||    63
 Armour: Leather armour    ||     6
  Dodge: Dodged            ||    19

Table legend:
 A = Non-vault XP
 B = Vault XP
 C = Vault XP percentage of total XP
 D = Non-vault monster count
 E = Vault monster count
 F = Vault count percentage of total count
                 A         B        C        D         E       F
            +---------+---------+-------+---------+---------+-------
      Total |      28 |      14 |  33.3 |      17 |       8 |  32.0
            +---------+---------+-------+---------+---------+-------
        D:1 |      24 |       0 |   0.0 |      15 |       0 |   0.0
        D:2 |       4 |      14 |  77.8 |       2 |       8 |  80.0
            +---------+---------+-------+---------+---------+-------
